 Dungeon Crawl Stone Soup version 0.27-a0-1555-g0e7b3fb1d2 (webtiles) character file.

Game seed: 12075696849369581762

600051 freelancePsychic the Hoplite (level 27, -22/205 HPs)
             Began as a Djinni Fire Elementalist on July 14, 2021.
             Was the Champion of Ashenzari.
             Annihilated by an Orb Guardian (36 damage)
             ... on level 5 of the Realm of Zot.
             The game lasted 03:06:47 (41412 turns).

freelancePsychic the Hoplite (DjFE)                Turns: 41412, Time: 03:06:48

Health: -22/205    AC: 17    Str:  9    XL:     27
Gold:   2276       EV: 14    Int: 28    God:    Ashenzari [******] SH:  0 Dex: 16

rFire    + + .     SeeInvis +   t - staff of conjuration (curse) {Self, Melee}
rCold    + . .     Faith    .   i - +3 tower shield of the Oracular Doubts {Cun, Self} (curse)
rNeg     + . .     Spirit   .   I - +4 troll leather armour of Ashenzari's Paranoia {Regen+, Cun, Self} (curse)
rPois    ∞         Reflect  .   e - +0 helmet of the Perceptive Sun {Fort, Melee} (curse)
rElec    .         Harm     .   K - +2 cloak "Overhang to Understand" {*Slow rC++ rN+ Regen+, Self, Cun} (curse)
rCorr    +         Rampage  .   q - +0 pair of gloves "Foul Odors of Ashenzari" {Cun, Fort} (curse)
Will     +++++     Clarity  +   (boots unavailable)
Stlth    ++++++....             l - amulet of the Cursed Comet {Regen+, Cun, Self} (curse)
HPRegen  3.44/turn              R - ring of Supernal Knowledge {rF- rC+ Will+++ rCorr Stlth+, Evo, Self} (curse)
MPRegen  0.00/turn              u - ring of the Pangnostic Sun {Fire, Melee, Cun} (curse)

@: about to teleport, flying, held, slowed, very slow
A: sickness immunity, fire resistance 2, cold vulnerability 1, float, innate
caster, hp casting, extra vitality 1, large bone plates 1, deformed body, frail
1, strong 1
}: 3/15 runes: decaying, serpentine, silver
a: Renounce Religion, Shatter the Chains


You were on level 5 of the Realm of Zot.
You worshipped Ashenzari.
Ashenzari was exalted by your worship.
You visited 10 branches of the dungeon, and saw 49 of its levels.
You visited the Abyss 1 time.
You also visited: Ossuary, Bailey and Gauntlet.

You collected 7763 gold pieces.
You spent 5487 gold pieces at shops.

Inventory:

Hand Weapons
 G - a +0 demon blade of flaming
Missiles
 w - 10 throwing nets
 D - 19 curare-tipped darts
 J - 10 boomerangs of dispersal
 Z - 14 atropa-tipped darts
Armour
 e - the cursed +0 helmet of the Perceptive Sun (worn) {Fort, Melee}
   (You found it on level 5 of the Dungeon)

   It has a curse which improves the following skills: Fortitude: Armour and
   Shields.
   Melee Combat: Short Blades, Long Blades, Axes, Maces & Flails, Polearms,
   Staves and Unarmed Combat.
 i - the cursed +3 tower shield of the Oracular Doubts (worn) {Cun, Self}
   (You bought it in a shop on level 2 of the Elven Halls)

   It has a curse which improves the following skills: Cunning: Dodging and
   Stealth.
   Introspection: Fighting and Spellcasting.
 q - the cursed +0 pair of gloves "Foul Odors of Ashenzari" (worn) {Cun, Fort}
   (You found it on level 5 of the Dungeon)

   It has a curse which improves the following skills: Cunning: Dodging and
   Stealth.
   Fortitude: Armour and Shields.
 I - the cursed +4 troll leather armour of Ashenzari's Paranoia (worn) {Regen+, Cun, Self}
   (You found it on level 2 of the Orcish Mines)

   Regen:     It increases your rate of health regeneration.
   It has a curse which improves the following skills: Cunning: Dodging and
   Stealth.
   Introspection: Fighting and Spellcasting.
 K - the cursed +2 cloak "Overhang to Understand" (worn) {*Slow rC++ rN+ Regen+, Self, Cun}
   (You found it in a Gauntlet)

   rC:        It greatly protects you from cold.
   rN:        It protects you from negative energy.
   Regen:     It increases your rate of health regeneration.
   *Slow:     It may slow you when you take damage.
   It has a curse which improves the following skills: Introspection: Fighting
   and Spellcasting.
   Cunning:   Dodging and Stealth.
Magical Staves
 t - a cursed staff of conjuration (weapon) {Self, Melee}
Jewellery
 a - a +6 ring of intelligence
 l - the cursed amulet of the Cursed Comet (around neck) {Regen+, Cun, Self}
   (You found it on level 2 of the Dungeon)

   [amulet of regeneration]

   Regen:     It increases your rate of health regeneration.
   It has a curse which improves the following skills: Cunning: Dodging and
   Stealth.
   Introspection: Fighting and Spellcasting.
 s - the amulet of Rydgher {Spirit Fragile Dex+4}
   (You found it on level 1 of the Vaults)

   [amulet of guardian spirit]

   It causes incoming damage to be divided between your reserves of health and
   magic.
   Dex:       It affects your dexterity (+4).
   Fragile:   It will be destroyed if unequipped.
 u - the cursed ring of the Pangnostic Sun (right hand) {Fire, Melee, Cun}
   (You took it off a hobgoblin on level 4 of the Dungeon)

   [ring of fire]

   It enhances your fire magic.
   rF:        It protects you from fire.
   rC:        It makes you vulnerable to cold.
   It has a curse which improves the following skills: Melee Combat: Short
   Blades, Long Blades, Axes, Maces & Flails, Polearms, Staves and Unarmed
   Combat.
   Cunning:   Dodging and Stealth.
 v - a ring of poison resistance
 E - the ring "Gegehoem" {rElec EV+4 Int+3 Slay-4}
   (You took it off an ironbound preserver on level 1 of the Vaults)

   [ring of evasion]

   EV:        It affects your evasion (+4).
   Int:       It affects your intelligence (+3).
   Slay:      It affects your accuracy & damage with ranged weapons and melee
   (-4).
   rElec:     It insulates you from electricity.
 L - an amulet of reflection
 O - a +4 ring of evasion
 R - the cursed ring of Supernal Knowledge (left hand) {rF- rC+ Will+++ rCorr Stlth+, Evo, Self}
   (You found it on level 6 of the Lair of Beasts)

   [ring of protection from cold]

   rF:        It makes you vulnerable to fire.
   rC:        It protects you from cold.
   rCorr:     It protects you from acid and corrosion.
   Will:      It greatly increases your willpower.
   Stlth:     It makes you more stealthy.
   It has a curse which improves the following skills: Evocations: Evocations.
   Introspection: Fighting and Spellcasting.
 S - a ring of wizardry
 W - a +4 ring of protection
 X - a ring of protection from fire
Wands
 h - a wand of paralysis (55)
 m - a wand of mindburst (46)
 o - a wand of flame (214)
 r - a wand of charming (5)
 B - a wand of polymorph (18)
 F - a wand of acid (56)
 N - a wand of iceblast (55)
Scrolls
 c - 5 scrolls of fog
 d - 9 scrolls of immolation
 g - 3 scrolls of enchant weapon
 p - 4 scrolls of summoning
 x - 3 scrolls of holy word
 y - 5 scrolls of silence
 C - a scroll of brand weapon
 H - 11 scrolls of teleportation {@r4}
 M - 4 scrolls of fear
 Y - 4 scrolls of magic mapping
Potions
 b - 2 potions of cancellation
 f - 16 potions of curing {@q1}
 j - 9 potions of ambrosia
 k - 11 potions of lignification
 n - 4 potions of mutation
 z - 6 potions of magic
 A - 5 potions of might
 P - 12 potions of heal wounds {@q2}
 Q - 3 potions of haste {@q3}
 T - 10 potions of brilliance
 U - 3 potions of resistance
 V - 4 potions of invisibility


   Skills:
 - Level 20.4(27) Fighting
 + Level 15.0(19.0) Armour
 + Level 18.7(26.6) Dodging
 - Level 3.9(11.7) Stealth
 + Level 21.3(24.8) Shields
 - Level 21.0(27) Spellcasting


You couldn't memorise any spells.
You knew the following spells:

 Your Spells              Type           Power      Damage    Failure   Level
a - Polar Vortex          Ice            56%        N/A       1%          9
b - Shadow Creatures      Summ           N/A        N/A       0%          6
c - Lightning Bolt        Conj/Air       68%        1d92      0%          5
d - Fireball              Conj/Fire      81%        3d30      0%          5
e - Discord               Hex            56%        N/A       1%          8
f - Sandblast             Erth           100%       2d20      0%          1
g - Ensorcelled Hibernat  Hex/Ice        100%       N/A       0%          2
h - Eringya's Noxious Bo  Tmut/Pois      56%        N/A       0%          6
i - Conjure Flame         Conj/Fire      100%       6-21      0%          3
j - Silence               Hex/Air        56%        N/A       0%          5
k - Vampiric Draining     Necr           56%        2d14      0%          3
l - Fulminant Prism       Conj/Hex       68%        3d28      0%          4
m - Sticky Flame          Conj/Fire      100%       2d11      0%          4
n - Maxwell's Capacitive  Air            56%        ∞         1%          8
o - Conjure Ball Lightni  Conj/Air       68%        3x3d25    0%          6
p - Storm Form            Tmut/Air       56%        N/A       0%          7
q - Inner Flame           Hex/Fire       100%       N/A       0%          3
r - Foxfire               Conj/Fire      100%       2x1d9     0%          1
Your spell library was empty.

Dungeon Overview and Level Annotations

Branches:
Dungeon (15/15)            Temple (1/1) D:6            Lair (6/6) D:11
  Swamp (4/4) Lair:4        Snake (4/4) Lair:4        Slime (0/5) Lair:6
    Orc (2/2) D:12            Elf (2/3) Orc:2        Vaults (5/5) D:14
  Crypt (0/3) Vaults:2     Depths (5/5) D:15            Zot (5/5) Depths:5
Ossuary (visited)          Bailey (visited)         Gauntlet (visited)

Altars:
Ashenzari
Cheibriados
Dithmenos
Elyvilon
Fedhas
Gozag
Hepliaklqana
Kikubaaqudgha
Makhleb
Nemelex Xobeh
Okawaru
Qazlal
Ru
Sif Muna
Trog
Uskayaw
Vehumet
Wu Jian
Xom
Yredelemnul
Zin
The Shining One
Beogh

Shops:
D:9 *   Orc:1 (   Orc:2 =*=*[!?   Elf:1 ((   Elf:2 **!!*   Snake:2 (
Snake:4 !   Vaults:1 (   Vaults:3 !(!!*   Vaults:5 (==?   Depths:1 ?
Depths:3 =   Depths:4 =::

Portals:
Hell: Depths:1 Depths:2 Depths:3 Depths:4 Depths:5
Abyss: Depths:1 Depths:4
Pandemonium: Depths:2 Depths:3 Depths:5
Ziggurat: Depths:5
Trove: D:13 (give +4 fire dragon scales)

Annotations:
D:8 1 runed translucent door
Lair:6 exclusion: obsidian statue
Elf:2 5 runed translucent doors
Zot:3 2 transporters, exclusion: obsidian statue
Zot:4 3 runed translucent doors, Extudin's ghost, master OgTm


Innate Abilities, Weirdness & Mutations

You are immune to sickness and miasma.
You are immune to poison.
Your flesh is very heat resistant. (rF++)
You are vulnerable to cold. (rC-)
You float through the air rather than walking.
You learn spells naturally, not from books.
Your magical power is your life essence.
You have superior vitality. (+4 HP)
You are partially covered in large bone plates. (SH +4)
Armour fits poorly on your strangely shaped body.
You are frail. (-10% HP)
Your muscles are strong. (Str +2)


Message History

The Killer Klown blinks!
The Orb Guardian drops a net on you.
You become entangled in the net!
You see here a throwing net.
You struggle against the net.
A black draconian comes into view. It is wielding a +0 glaive.
The Orb Guardian hits you!!
Your magical effects are unravelling.
You feel magically purged.
The sentinel's mark upon you fades away.
The death cob hits you! The death cob drains your vigour!
You feel yourself slow down. The Orb Guardian hits you.
An Orb Guardian comes into view.
The death cob misses you. The Orb Guardian misses you.
The Orb Guardian hits you.
An Orb Guardian comes into view.
The Killer Klown blinks!
The Orb Guardian hits you.
The Orb Guardian moves out of view.
As you read the scroll of teleportation {@r4}, it crumbles to dust.
You feel strangely unstable.
You feel the Orb delaying your translocation!
The winds around you calm down. The death cob hits you!
The death cob drains your vigour!
You feel as though you will be slow longer.
The death cob hits you. The death cob drains your vigour!
You feel as though you will be slow longer.
The Orb Guardian hits you!!
The death cob hits you but does no damage.
The Orb Guardian hits you!
* * * LOW HITPOINT WARNING * * *
The Orb Guardian hits you but does no damage. x2
The Orb Guardian hits you!!
* * * LOW HITPOINT WARNING * * *
The death cob hits you!
* * * LOW HITPOINT WARNING * * *
You feel as though you will be slow longer.
The death cob drains your vigour!
You feel as though you will be slow longer.
The Orb Guardian hits you!!!
You die...

###### ##############**
.....# ##..............**
....## ##....^...........**
....#▓ ##..................**
...##▓▓#...!...)............*
...#▓▓▓#..................^.*
...##▓▓#...............^....*
....#▓▓#...p...XXX......[...*
.)†.##▓#....:...@X[.........*
.....###.^.....zXX.)........*
###...###......)...........#*
####....##^......d†.......#*
######...^.........X†....##
######▓▓▓▓▓▓▓▓▓▓▓##^....▓▓
######▓▓▓▓.........X.....▓*
####▓..{{{......{.......▓*
*#.....q.{..............▓*


You could see a Killer Klown, a black draconian, a death cob and 8 Orb
Guardians.

Vanquished Creatures
  4 dread liches
  4 ancient liches
  3 orbs of fire
  Boris (twice) (Vaults:4 Vaults:5)
  2 curse toes
  Vashnia (Snake:4)
  Saint Roka (Depths:4)
  3 Killer Klowns
  6 golden dragons
  2 electric golems
  Jorgrun (D:13)
  15 tentacled monstrosities
  2 liches (Vaults:5)
  8 quicksilver dragons
  10 Orb Guardians (Zot:5)
  2 titans (Vaults:5)
  6 death cobs
  A sphinx (Depths:5)
  3 tengu reavers
  4 thorn hunters
  9 shadow dragons
  6 draconian monks
  11 storm dragons
  3 fenstrider witches (Swamp:4)
  3 nagarajas
  2 draconian scorchers
  7 fire giants
  2 draconian knights
  14 vault wardens
  6 frost giants
  An orc warlord (Orc:1)
  A deep elf sorcerer (Vaults:5)
  2 ghost moths
  Aizul (Depths:1)
  Louise (Depths:1)
  A draconian stormcaller (Depths:5)
  A draconian shifter (Depths:5)
  2 draconian annihilators
  3 war gargoyles
  A reaper (Depths:3)
  21 ironbound preservers
  14 stone giants
  8 very ugly things
  4 green draconians
  3 deep elf demonologists
  2 black draconians
  4 deep elf annihilators
  3 vampire knights
  An entropy weaver (Vaults:4)
  3 purple draconians
  8 dire elephants
  5 white draconians
  9 yellow draconians
  A spark wasp (Depths:2)
  7 red draconians
  2 blizzard demons (Swamp:4)
  10 ettins
  7 bunyips
  A minotaur (Gauntlet)
  2 eleionomae (Swamp:4)
  4 fire dragons
  A deep elf death mage (Vaults:5)
  3 merfolk impalers
  4 shambling mangroves
  3 deep elf high priests
  Josephine (D:14)
  5 great orbs of eyes
  12 yaktaur captains
  8 ironbound thunderhulks
  2 peacekeepers
  3 ghost crabs
  11 hydras
  5 boulder beetles
  4 ice dragons
  4 rakshasas
  5 ogre magi
  A salamander tyrant (Snake:4)
  4 spriggan air magi
  17 centaur warriors
  14 naga warriors
  10 ironbound frosthearts
  13 anacondas
  A catoblepas (Lair:6)
  13 vault guards
  10 two-headed ogres
  5 dancing weapons
  5 deep troll shamans
  9 alligators
  15 naga sharpshooters
  A vampire mage (Depths:5)
  6 death yaks (Lair:3)
  7 tengu warriors
  7 deep troll earth magi
  6 orc high priests
  A death yak (shapeshifter) (Zot:2)
  A titan zombie (Depths:1)
  A spriggan berserker (Depths:2)
  7 shock serpents
  Sonja (D:10)
  6 hell knights
  3 soul eaters
  8 deep elf knights
  6 salamander mystics (Snake:4)
  7 ironbound beastmasters
  3 spectral death yaks (Lair:6)
  14 skeletal warriors
  8 iron trolls
  5 goliath frogs
  A spectral anaconda (Lair:6)
  3 sixfirhies (Depths:3)
  A death drake (Swamp:4)
  A sea snake (Snake:1)
  64 deep trolls
  6 spriggan druids
  15 deep elf archers
  3 glowing orange brains
  5 swamp dragons
  A flayed ghost (Depths:3)
  An infernal demonspawn (Depths:3)
  6 bog bodies
  11 naga ritualists
  A tengu zombie (Depths:4)
  18 ironbound convokers
  A shadow demon (Depths:2)
  6 lindwurms
  12 harpies
  8 wizards
  10 phantasmal warriors
  15 orc knights
  7 necromancers
  26 deep elf pyromancers
  26 deep elf zephyrmancers
  15 mana vipers
  12 ugly things
  8 orc sorcerers
  6 cyclopes
  An oklob plant (Swamp:3)
  7 will-o-the-wisps
  14 salamanders
  8 large abominations (Depths:4)
  An elephant (shapeshifter) (Vaults:5)
  A moth of wrath (shapeshifter) (D:9)
  2 manticores (D:13)
  A rust devil (Depths:2)
  11 vault sentinels
  Maurice (D:10)
  18 moths of wrath
  45 black mambas
  An apocalypse crab (Gauntlet)
  A fire giant skeleton (Vaults:4)
  5 guardian serpents
  A dire elephant zombie (Lair:6)
  A human skeleton (Vaults:4)
  6 elephants (Lair:6)
  14 naga magi
  3 smoke demons
  A black mamba (shapeshifter) (Vaults:5)
  An elf zombie (Vaults:4)
  4 orange demons
  4 unseen horrors
  2 human zombies
  A minotaur zombie (Gauntlet)
  4 gargoyles
  A yaktaur zombie (Vaults:4)
  13 cane toads
  Psyche (D:10)
  2 freezing wraiths
  4 kobold demonologists
  4 komodo dragons
  A rime drake (shapeshifter) (Elf:1)
  A yaktaur (shapeshifter) (D:14)
  30 yaktaurs
  2 hellwings (Swamp:4)
  3 tengu conjurers
  3 efreet
  2 red devils
  An ancient zyme (Abyss:2)
  3 meliai (D:14)
  A merfolk (shapeshifter) (Vaults:5)
  6 trolls
  3 polar bears
  A harpy zombie (Zot:2)
  5 ice devils
  8 tyrant leeches
  3 bloated husks
  26 hornets
  2 raiju
  33 slime creatures
  2 spectral elephants (Lair:6)
  7 dream sheep (Lair:5)
  5 blink frogs
  8 small abominations
  2 flying skulls (Abyss:2)
  10 wyverns
  17 spriggans
  An air elemental (Elf:2)
  3 ynoxinuls
  7 wraiths
  5 shadows
  4 fire elementals
  3 vampires
  A human (shapeshifter) (Elf:1)
  6 water elementals
  70 yaks
  6 basilisks
  7 vampire mosquitoes
  Eustachio (D:9)
  An elf skeleton (Depths:1)
  5 neqoxecs
  2 chaos spawn
  4 wargs
  Menkaure (D:6)
  44 nagas
  2 spectral cane toads (Lair:6)
  An acid dragon (D:11)
  10 swamp worms
  18 water moccasins
  40 orc warriors
  2 sky beasts
  A swamp drake (Swamp:1)
  2 necrophages
  2 ice beasts (D:6)
  2 elephant zombies (Lair:6)
  13 ogres
  24 wolves
  7 boggarts
  2 elephant skeletons (Lair:6)
  The ghost of ezpacito the Chopper, an amateur DsBe of Trog (D:3)
  11 centaurs
  3 kobold brigands (D:14)
  17 bullfrogs
  9 gnoll sergeants
  A scorpion (D:6)
  A glowing shapeshifter simulacrum (Depths:4)
  A cane toad simulacrum (Lair:6)
  5 water moccasin zombies
  An oklob sapling (Swamp:3)
  An elephant simulacrum (Lair:6)
  7 killer bees
  A wight (D:8)
  2 howler monkeys
  4 electric eels
  5 centaur zombies
  3 hounds
  A jelly (D:4)
  A bullfrog skeleton (D:5)
  32 orc priests
  6 gnoll shamans (Bailey)
  5 centaur skeletons
  Natasha (thrice) (D:2)
  4 iguanas
  8 hell rats (Lair:1)
  34 orc wizards
  A hound skeleton (D:5)
  2 mummies (Ossuary)
  2 howler monkey zombies
  19 gnolls
  13 adders
  10 river rats (Lair:1)
  10 white imps
  An ufetubus (D:4)
  5 adder zombies (Ossuary)
  2 worms
  74 orcs
  5 ball pythons
  4 bats
  3 endoplasms
  4 giant cockroaches
  4 gnoll zombies (Ossuary)
  10 hobgoblins
  12 jackals
  10 kobolds
  6 quokkas
  3 frilled lizards
  8 goblins
  6 hobgoblin zombies (Ossuary)
  5 kobold zombies (Ossuary)
  2 orc zombies (Ossuary)
  16 rats
  2 bushes
  A fungus (Swamp:3)
  A plant (Swamp:3)
1925 creatures vanquished.

Vanquished Creatures (collateral kills)
  Mara (Vaults:4)
  Bai Suzhen (Depths:1)
  2 Killer Klowns (Zot:5)
  A golden dragon (Depths:5)
  2 Orb Guardians (Zot:5)
  A quicksilver dragon (Zot:3)
  A sphinx (Depths:2)
  A storm dragon (Zot:3)
  A frost giant (Vaults:5)
  A draconian knight (Zot:5)
  2 draconian shifters
  3 draconian scorchers
  A ghost moth (Zot:3)
  A draconian stormcaller (Zot:5)
  2 draconian annihilators
  A stone giant (Depths:2)
  A green draconian (Zot:2)
  4 black draconians
  3 white draconians
  2 yellow draconians
  A red draconian (Zot:3)
  3 ettins
  A great orb of eyes (Depths:1)
  2 spriggan air magi
  A deep troll earth mage (Depths:2)
  An iron troll (Depths:2)
  5 deep trolls
  A wizard (Depths:2)
  A moth of wrath (Zot:3)
  A fire dragon skeleton (Depths:1)
  An ettin skeleton (Depths:1)
  2 orc warriors
  2 orcs (Orc:1)
  A ball lightning (Snake:4)
55 creatures vanquished.

Vanquished Creatures (others)
  A Killer Klown (Zot:5)
  An Orb Guardian (Zot:5)
  A titan (Vaults:5)
  Asterion (Snake:1)
  2 draconian knights
  A draconian scorcher (Zot:5)
  A deep elf sorcerer (Elf:1)
  2 ironbound preservers (Vaults:2)
  A green draconian (Zot:4)
  A stone giant (Vaults:5)
  4 yellow draconians
  A red draconian (Zot:4)
  A black draconian (Zot:5)
  A dire elephant (Vaults:1)
  2 ettins (Vaults:5)
  A deep elf death mage (Vaults:5)
  A shambling mangrove (Swamp:1)
  A great orb of eyes (Depths:2)
  A boulder beetle (Vaults:4)
  An ice dragon (Depths:2)
  3 naga warriors
  24 vault guards
  An ironbound thunderhulk (Vaults:2)
  An ogre mage (Vaults:5)
  4 two-headed ogres
  3 anacondas
  A deep troll earth mage (Vaults:5)
  A shock serpent (Snake:2)
  A deep troll shaman (Depths:1)
  A hell knight (Vaults:2)
  A skeletal warrior (Vaults:2)
  An iron troll (Depths:2)
  A salamander mystic (Snake:4)
  A spriggan druid (Swamp:4)
  7 deep trolls
  A swamp dragon (Swamp:1)
  A deep elf pyromancer (Elf:1)
  An orc knight (Vaults:2)
  A deep elf zephyrmancer (Elf:1)
  9 ugly things
  3 mana vipers
  4 salamanders
  A moth of wrath (Zot:4)
  A cyclops (D:11)
  2 black mambas
  3 guardian serpents
  A vault sentinel (Vaults:5)
  A naga mage (Snake:4)
  A tyrant leech (Swamp:4)
  A troll (D:11)
  9 slime creatures
  A yak (D:11)
  2 nagas
  3 orc warriors (Vaults:2)
  A gnoll sergeant (D:11)
  An orc priest (Vaults:2)
  3 orcs (Vaults:2)
  13 ball lightnings
  584 foxfires
  14 fulminant prisms
  32 fungi
  54 plants
  4 starspawn tentacles (Abyss:2)
  23 withered plants
852 creatures vanquished.

Grand Total: 2832 creatures vanquished

Notes
Turn   | Place    | Note
-------+----------+-------------------------------------------
     0 | D:1      | freelancePsychic the Djinni Fire Elementalist began the
                  | quest for the Orb.
     0 | D:1      | Reached XP level 1. HP: 15/15 MP: 0/0
   633 | D:1      | Reached XP level 2. HP: 18/22 MP: 0/0
   795 | D:1      | Found a faded altar of an unknown god.
   987 | D:1      | Reached skill level 1 in Fighting
  1718 | D:2      | Reached XP level 3. HP: 25/27 MP: 0/0
  1718 | D:2      | Learned a level 1 spell: Sandblast
  1984 | D:2      | Noticed Natasha
  1988 | D:2      | Killed Natasha
  1989 | D:2      | Reached XP level 4. HP: 29/33 MP: 0/0
  1994 | D:2      | Noticed Natasha
  2001 | D:2      | Killed Natasha
  2506 | D:2      | Noticed Natasha
  2514 | D:2      | Killed Natasha
  2515 | D:2      | Reached XP level 5. HP: 38/38 MP: 0/0
  2515 | D:2      | Learned a level 2 spell: Ensorcelled Hibernation
  3049 | D:3      | Found a runed translucent door.
  3050 | D:3      | Noticed ezpacito's ghost (amateur DsBe)
  3165 | D:3      | Noticed an ogre
  3170 | D:3      | Killed an ogre
  3171 | D:3      | Reached XP level 6. HP: 46/46 MP: 0/0
  3716 | D:3      | Killed ezpacito's ghost
  3717 | D:3      | Reached XP level 7. HP: 45/50 MP: 0/0
  3717 | D:3      | Learned a level 3 spell: Vampiric Draining
  4013 | D:4      | Reached skill level 5 in Spellcasting
  4477 | D:5      | Entered Level 5 of the Dungeon
  4827 | D:5      | Found a sand-covered staircase.
  4836 | Ossuary  | Entered an ossuary
  4859 | Ossuary  | Reached XP level 8. HP: 48/58 MP: 0/0
  5076 | D:5      | Reached skill level 5 in Fighting
  5247 | D:5      | Found a hide-covered altar of Uskayaw.
  5662 | D:6      | Reached XP level 9. HP: 66/66 MP: 0/0
  5662 | D:6      | Learned a level 4 spell: Fulminant Prism
  5837 | D:6      | Noticed Eustachio
  6037 | D:6      | Found a staircase to the Ecumenical Temple.
  6039 | D:6      | Noticed Menkaure
  6043 | D:6      | Killed Menkaure
  6050 | Temple   | Entered the Ecumenical Temple
  6248 | Temple   | Became a worshipper of Ashenzari the Shackled
  6626 | D:7      | Found a flagged portal.
  6676 | Bailey   | Entered a bailey
  6751 | Bailey   | Reached XP level 10. HP: 40/75 MP: 0/0
  6852 | Bailey   | Identified the +3 fustibalus of the Everdark {speed, +Blink
                  | rElec Str-3}
  7480 | D:8      | Noticed a two-headed ogre
  7487 | D:8      | Killed a two-headed ogre
  7541 | D:8      | Noticed a gargoyle
  7544 | D:8      | Killed a gargoyle
  7671 | D:8      | Reached * piety under Ashenzari
  7744 | D:8      | Reached skill level 10 in Spellcasting
  7758 | D:8      | Found a runed translucent door.
  7966 | D:8      | Noticed a cyclops
  7967 | D:8      | Noticed a gargoyle
  7967 | D:8      | Noticed a red ugly thing
  8046 | D:9      | Killed Eustachio
  8062 | D:9      | Reached XP level 11. HP: 71/85 MP: 0/0
  8062 | D:9      | Learned a level 5 spell: Lightning Bolt
  8379 | D:9      | Noticed a tengu warrior
  8384 | D:9      | Killed a tengu warrior
  8388 | D:9      | Noticed a manticore
  8458 | D:9      | Reached skill level 10 in Fighting
  8463 | D:9      | Noticed a moth of wrath
  8466 | D:9      | Killed a moth of wrath
  8538 | D:9      | Noticed a centaur warrior
  8540 | D:9      | Killed a centaur warrior
  8544 | D:9      | Noticed a wizard
  8545 | D:9      | Cast into level 2 of the Abyss (a wizard)
  8579 | Abyss:2  | Reached ** piety under Ashenzari
  8623 | Abyss:2  | Noticed a large abomination
  8680 | Abyss:2  | Noticed a large abomination
  8695 | Abyss:2  | Noticed a sixfirhy
  8773 | Abyss:2  | Reached XP level 12. HP: 49/96 MP: 0/0
  8780 | Abyss:2  | Noticed a tentacled starspawn
  8811 | Abyss:2  | Reached *** piety under Ashenzari
  8889 | Abyss:2  | Noticed a large abomination
  8900 | Abyss:2  | Noticed a great orb of eyes
  8999 | Abyss:2  | Noticed a starcursed mass
  9084 | Abyss:2  | Noticed a sixfirhy
  9213 | Abyss:2  | Noticed a tentacled starspawn
  9226 | Abyss:2  | Noticed a rakshasa
  9230 | Abyss:2  | Noticed a starcursed mass
  9278 | Abyss:2  | Noticed a spatial maelstrom
  9398 | Abyss:2  | Reached **** piety under Ashenzari
  9454 | Abyss:2  | Noticed a thrashing horror
  9456 | Abyss:2  | Noticed a thrashing horror
  9486 | Abyss:2  | Noticed a sun demon
  9486 | Abyss:2  | Noticed a balrug
  9498 | Abyss:2  | Gained mutation: Your movements are slightly less
                  | encumbered by armour. (ER -2) [a neqoxec]
  9523 | D:9      | Escaped the Abyss
  9553 | D:10     | Entered Level 10 of the Dungeon
  9647 | D:10     | Reached ***** piety under Ashenzari
  9664 | D:10     | Noticed Maurice
  9667 | D:10     | Reached skill level 5 in Dodging
  9672 | D:10     | Killed Maurice
  9774 | D:10     | Noticed Sonja
  9776 | D:10     | Killed Sonja
  9845 | D:10     | Noticed Psyche
  9880 | D:9      | Identified the cursed +0 helmet of the Perceptive Sun
                  | {Fort, Melee} (You found it on level 5 of the Dungeon)
  9880 | D:9      | Identified the cursed +0 pair of gloves "Foul Odors of
                  | Ashenzari" {Cun, Fort} (You found it on level 5 of the
                  | Dungeon)
  9880 | D:9      | Identified the cursed +0 robe of Ashenzari's Failure {Cun,
                  | Range}
  9880 | D:9      | Identified the cursed ring of the Tethered Doubts {rN+,
                  | Melee, Self} (You found it on level 2 of the Dungeon)
  9880 | D:9      | Identified the cursed ring of the Pangnostic Sun {Fire,
                  | Melee, Cun} (You took it off a hobgoblin on level 4 of the
                  | Dungeon)
  9880 | D:9      | Identified the cursed amulet of the Cursed Comet {Regen+,
                  | Cun, Self} (You found it on level 2 of the Dungeon)
  9881 | D:9      | Found Ygaohar's Demolitions Depot.
  9902 | D:10     | Killed Psyche
 10299 | D:11     | Killed a two-headed ogre
 10299 | D:11     | Killed a two-headed ogre
 10460 | D:11     | Found a shimmering altar of Xom.
 10538 | D:11     | Found a staircase to the Lair.
 10893 | D:11     | Noticed a skeletal warrior
 10895 | D:11     | Noticed a skeletal warrior
 10917 | D:11     | Killed a skeletal warrior
 10922 | D:11     | Noticed a skeletal warrior
 10923 | D:11     | Noticed a skeletal warrior
 10936 | D:11     | Killed a skeletal warrior
 10937 | D:11     | Reached XP level 13. HP: 80/111 MP: 0/0
 10937 | D:11     | Learned a level 5 spell: Silence
 11254 | D:12     | Reached skill level 1 in Shields
 11360 | D:12     | Found a staircase to the Orcish Mines.
 11508 | D:12     | Found a gate leading to a gauntlet.
 11514 | Gauntlet | Entered a Gauntlet
 11514 | Gauntlet | Found a transporter.
 11514 | Gauntlet | Found a transporter.
 11527 | Gauntlet | Found a transporter.
 11542 | Gauntlet | Identified the ring of Ovayc {Ice Int+5}
 11543 | Gauntlet | Found a transporter.
 11543 | Gauntlet | Found a transporter.
 11545 | Gauntlet | Found a transporter.
 11545 | Gauntlet | Found a transporter.
 11552 | Gauntlet | Noticed a hell beast
 11557 | Gauntlet | Found a transporter.
 11566 | Gauntlet | Identified the -6 hat "Biudweiq" {rPois Int-2 SInv}
 11574 | Gauntlet | Found a transporter.
 11576 | Gauntlet | Identified the +2 cloak "Xirhasor" {*Slow rC++ rN+ Regen+}
 11584 | Gauntlet | Found a transporter.
 11587 | Gauntlet | Noticed a great orb of eyes
 11598 | Gauntlet | Found a transporter.
 11610 | Gauntlet | Found a transporter.
 11617 | Gauntlet | Found a transporter.
 11631 | Gauntlet | Found a transporter.
 11803 | Gauntlet | Identified the amulet of Dafet {Spirit Contam rN++ Dex+2
                  | Stlth+}
 11803 | Gauntlet | Noticed a minotaur
 11804 | Gauntlet | Identified the Papyrus of Bewitching Confrontation
 11807 | Gauntlet | Killed a minotaur
 12259 | D:12     | Reached skill level 5 in Shields
 12572 | Lair:1   | Entered Level 1 of the Lair of Beasts
 12706 | Lair:1   | Identified the +2 leather armour of Melancholy {rF+ Will++
                  | Int-5 Stlth+}
 12731 | Lair:1   | Noticed an eight-headed hydra
 12737 | Lair:1   | Killed an eight-headed hydra
 12740 | Lair:1   | Reached XP level 14. HP: 96/115 MP: 0/0
 14292 | Lair:3   | Identified the +7 scythe "Lihana" {vorpal, Will+}
 15037 | Lair:4   | Found a staircase to the Snake Pit.
 15457 | Lair:4   | Found a staircase to the Swamp.
 15761 | Lair:5   | Reached skill level 10 in Shields
 15762 | Lair:5   | Reached XP level 15. HP: 115/124 MP: 0/0
 15762 | Lair:5   | Learned a level 6 spell: Shadow Creatures
 15786 | Lair:5   | Reached ****** piety under Ashenzari
 16220 | Lair:5   | Found a glowing golden altar of the Shining One.
 16225 | Lair:5   | Reached skill level 1 in Armour
 16387 | Lair:6   | Entered Level 6 of the Lair of Beasts
 16705 | Lair:6   | Identified the ring of Paclyan {rF- rC+ Will+++ rCorr
                  | Stlth+}
 16732 | Lair:6   | Reached skill level 10 in Dodging
 17070 | Lair:6   | Found a staircase to the Slime Pits.
 17427 | Orc:1    | Entered Level 1 of the Orcish Mines
 17488 | Orc:1    | Found Vebuahy's Weapon Shoppe.
 17649 | Orc:2    | Entered Level 2 of the Orcish Mines
 17658 | Orc:2    | Found a staircase to the Elven Halls.
 17943 | Orc:1    | Noticed an orc warlord
 17949 | Orc:1    | Killed an orc warlord
 17950 | Orc:1    | Reached XP level 16. HP: 79/130 MP: 0/0
 18050 | Orc:1    | Found an iron altar of Okawaru.
 18591 | Orc:2    | Found Heh Lyst's Jewellery Shop.
 18637 | Orc:2    | Found Meax's Assorted Antiques.
 18637 | Orc:2    | Found Dejoxt's Jewellery Boutique.
 18797 | Orc:2    | Found Buod Xeo's Magic Scroll Boutique.
 18806 | Orc:2    | Found Fimpahawk's Distillery.
 18813 | Orc:2    | Bought a scroll of teleportation for 36 gold pieces
 18813 | Orc:2    | Bought a scroll of teleportation for 36 gold pieces
 18813 | Orc:2    | Bought a scroll of teleportation for 36 gold pieces
 18813 | Orc:2    | Bought a scroll of teleportation for 36 gold pieces
 18813 | Orc:2    | Bought 3 scrolls of enchant armour for 270 gold pieces
 18815 | Orc:2    | Found Ynlucex's Armour Emporium.
 18817 | Orc:2    | Found Ugiecw's General Store.
 18832 | Orc:2    | Bought a potion of brilliance for 40 gold pieces
 18919 | Orc:2    | Bought a potion of resistance for 160 gold pieces
 18919 | Orc:2    | Bought a potion of heal wounds for 80 gold pieces
 18919 | Orc:2    | Bought a potion of brilliance for 64 gold pieces
 18919 | Orc:2    | Bought a potion of heal wounds for 80 gold pieces
 18919 | Orc:2    | Bought a potion of ambrosia for 128 gold pieces
 19188 | D:13     | Found a portal to a secret trove of treasure.
 19411 | D:13     | Identified the +3 plate armour of Compassion {rN+ rCorr
                  | MP+9 Dex-5}
 19438 | D:13     | Reached skill level 5 in Armour
 19495 | D:13     | Noticed Jorgrun
 19498 | D:13     | Killed Jorgrun
 20004 | D:14     | Found a shadowy altar of Dithmenos.
 20108 | D:14     | Reached XP level 17. HP: 126/144 MP: 0/0
 20108 | D:14     | Learned a level 6 spell: Eringya's Noxious Bog
 20244 | D:14     | Found a gate to the Vaults.
 20427 | D:14     | Noticed Josephine
 20430 | D:14     | Killed Josephine
 20677 | D:15     | Entered Level 15 of the Dungeon
 20713 | D:15     | Found a broken altar of Ashenzari.
 20795 | D:15     | Reached skill level 15 in Spellcasting
 20821 | D:15     | Found a staircase to the Depths.
 21221 | D:15     | Upgraded the game from 0.27-a0-1548-gf8a67e7463 to
                  | 0.27-a0-1555-g0e7b3fb1d2
 21381 | Snake:1  | Entered Level 1 of the Snake Pit
 21428 | Lair:4   | Reached skill level 15 in Fighting
 21677 | Snake:1  | Found a snail-covered altar of Cheibriados.
 21738 | Snake:1  | Noticed Asterion
 21746 | Snake:1  | Killed Asterion
 21797 | Snake:1  | Reached XP level 18. HP: 150/153 MP: 0/0
 22871 | Snake:2  | Found Rodaqug's Antique Weapon Emporium.
 23969 | Snake:4  | Entered Level 4 of the Snake Pit
 24116 | Snake:4  | Found Leihon's Distillery.
 24155 | Snake:4  | Bought a potion of haste for 170 gold pieces
 24155 | Snake:4  | Bought a potion of invisibility for 136 gold pieces
 24155 | Snake:4  | Bought 3 potions of invisibility for 408 gold pieces
 24155 | Snake:4  | Bought 3 potions of resistance for 510 gold pieces
 24155 | Snake:4  | Bought a potion of mutation for 136 gold pieces
 24155 | Snake:4  | Bought a potion of mutation for 136 gold pieces
 24155 | Snake:4  | Bought a potion of ambrosia for 136 gold pieces
 24155 | Snake:4  | Bought a potion of ambrosia for 136 gold pieces
 24343 | Snake:4  | Reached XP level 19. HP: 156/158 MP: 0/0
 24343 | Snake:4  | Learned a level 6 spell: Conjure Ball Lightning
 24572 | Snake:4  | Reached skill level 10 in Armour
 24572 | Snake:4  | Noticed Vashnia
 24588 | Snake:4  | Killed Vashnia
 24743 | Snake:4  | Got a serpentine rune of Zot
 25018 | Swamp:1  | Entered Level 1 of the Swamp
 25680 | Swamp:2  | Found a shadowy altar of Dithmenos.
 25891 | Swamp:3  | Reached XP level 20. HP: 102/166 MP: 0/0
 26614 | Swamp:4  | Entered Level 4 of the Swamp
 26789 | Swamp:4  | Noticed a tentacled monstrosity
 26796 | Swamp:4  | Killed a tentacled monstrosity
 26849 | Swamp:4  | Reached skill level 15 in Dodging
 26870 | Swamp:4  | Got a decaying rune of Zot
 27488 | Elf:1    | Entered Level 1 of the Elven Halls
 27607 | Elf:1    | Found Pawewk's Antique Weapon Boutique.
 27615 | Elf:1    | Found Loterott's Weapon Shop.
 27874 | Elf:1    | Reached XP level 21. HP: 162/175 MP: 0/0
 27874 | Elf:1    | Learned a level 8 spell: Maxwell's Capacitive Coupling
 27931 | Elf:1    | Identified Summivig's Compendium of the Entourage
 28318 | Elf:2    | Identified the +10 plate armour "Cekhle On Xoe" {Drain
                  | rPois rC+ Dex+5}
 28322 | Elf:2    | Found Kacut's Mass Market.
 28330 | Elf:2    | Bought a +0 tower shield for 72 gold pieces
 28413 | Elf:2    | Found Yluvehud's Distillery.
 28415 | Elf:2    | Found Gouginwy's Assorted Antiques.
 28416 | Elf:2    | Found Retocu Zuen's Assorted Antiques.
 28455 | Elf:2    | Found Ryczeri's Distillery.
 28459 | Elf:2    | Bought a potion of haste for 140 gold pieces
 28459 | Elf:2    | Bought a potion of heal wounds for 70 gold pieces
 28481 | Elf:2    | Bought 2 scrolls of enchant armour for 315 gold pieces
 28484 | Elf:2    | Bought a potion of brilliance for 48 gold pieces
 28484 | Elf:2    | Bought a potion of brilliance for 48 gold pieces
 28484 | Elf:2    | Bought a potion of brilliance for 48 gold pieces
 28484 | Elf:2    | Bought a potion of resistance for 120 gold pieces
 28489 | Elf:2    | Bought a potion of brilliance for 180 gold pieces
 28489 | Elf:2    | Bought a potion of haste for 450 gold pieces
 28690 | Elf:2    | Found a huge runed translucent gate.
 28690 | Elf:2    | Found a huge runed translucent gate.
 28690 | Elf:2    | Found a huge runed translucent gate.
 28690 | Elf:2    | Found a huge runed translucent gate.
 28690 | Elf:2    | Found a huge runed translucent gate.
 28998 | Vaults:1 | Entered Level 1 of the Vaults
 29114 | Vaults:1 | Found Udoikk's Weapon Boutique.
 29198 | Vaults:1 | Identified the amulet of Rydgher {Spirit Fragile Dex+4}
 29579 | Vaults:1 | Identified the ring "Gegehoem" {rElec EV+4 Int+3 Slay-4}
 29831 | Vaults:1 | Reached XP level 22. HP: 177/182 MP: 0/0
 30267 | Vaults:2 | Reached skill level 15 in Shields
 30835 | Vaults:2 | Found a staircase to the Crypt.
 30926 | Vaults:2 | Identified a scroll of acquirement
 31015 | Vaults:3 | Acquired 702 gold pieces
 31025 | Vaults:3 | Found Tewass's Assorted Antiques.
 31078 | Vaults:3 | Bought 2 potions of cancellation for 624 gold pieces
 31176 | Vaults:3 | Noticed a dread lich
 31186 | Vaults:3 | Found Deun's Distillery.
 31196 | Vaults:3 | Bought a potion of brilliance for 88 gold pieces
 31196 | Vaults:3 | Bought a potion of heal wounds for 110 gold pieces
 31235 | Vaults:3 | Killed a dread lich
 31432 | Vaults:3 | Found Reinkoch's Distillery.
 31437 | Vaults:3 | Bought a potion of heal wounds for 100 gold pieces
 31437 | Vaults:3 | Bought a potion of brilliance for 80 gold pieces
 31437 | Vaults:3 | Bought a potion of brilliance for 80 gold pieces
 31460 | Vaults:3 | Found Asusel's Antique Weapon Shop.
 31683 | Vaults:3 | Reached XP level 23. HP: 137/188 MP: 0/0
 31683 | Vaults:3 | Learned a level 7 spell: Storm Form
 31741 | Vaults:3 | Found Togujor's Distillery.
 31756 | Vaults:3 | Bought a potion of haste for 180 gold pieces
 32992 | Vaults:4 | Noticed Boris
 33006 | Vaults:4 | Killed Boris
 33403 | Vaults:5 | Entered Level 5 of the Vaults
 33546 | Vaults:5 | Noticed Mara
 33551 | Vaults:5 | Noticed freelancePsychic's illusion
 33582 | Vaults:5 | Noticed freelancePsychic's illusion
 33586 | Vaults:4 | Noticed freelancePsychic's illusion
 33621 | Vaults:4 | Killed Mara
 33668 | Vaults:5 | Noticed an ancient lich
 33718 | Vaults:4 | Reached XP level 24. HP: 195/195 MP: 0/0
 33739 | Vaults:4 | Killed an ancient lich
 33740 | Vaults:4 | Reached XP level 25. HP: 147/201 MP: 0/0
 33740 | Vaults:4 | Learned a level 8 spell: Discord
 33794 | Vaults:5 | Noticed an ancient lich
 34063 | Depths:1 | Entered Level 1 of the Depths
 34064 | Depths:1 | Noticed Bai Suzhen
 34075 | Depths:1 | Killed Bai Suzhen
 34127 | Depths:1 | Noticed Aizul
 34131 | Depths:1 | Killed Aizul
 34214 | Depths:1 | Noticed Louise
 34215 | Depths:1 | Found a one-way gate to the infinite horrors of the Abyss.
 34220 | Depths:1 | Killed Louise
 34282 | Depths:1 | Found a gateway to Hell.
 34395 | Depths:1 | Found Huhi's Magic Scroll Boutique.
 34494 | Depths:1 | Found a blossoming altar of Fedhas.
 34582 | Depths:2 | Found a one-way gate leading to the halls of Pandemonium.
 34702 | Depths:2 | Found an ornate altar of the Wu Jian Council.
 34975 | Depths:2 | Found the +4 skin of Zhor {*Englaciate rC+++ SInv}
 35742 | Depths:3 | Found Geunoiwa's Jewellery Emporium.
 35875 | Depths:4 | Found Pawewk's Jewellery Boutique.
 35876 | Depths:4 | Found Tecefyih's Book Shoppe.
 35876 | Depths:4 | Found Cesan's Book Shoppe.
 35953 | Depths:4 | Noticed Saint Roka
 35962 | Depths:4 | Killed Saint Roka
 36168 | Depths:4 | Reached XP level 26. HP: 205/211 MP: 0/0
 36582 | Depths:5 | Entered Level 5 of the Depths
 36609 | Depths:5 | Found a gateway to a ziggurat.
 37148 | Depths:5 | Found a gate to the Realm of Zot.
 38008 | Vaults:4 | Killed an ancient lich
 38105 | Vaults:5 | Noticed Boris
 38110 | Vaults:5 | Killed Boris
 38262 | Vaults:5 | Noticed a dread lich
 38266 | Vaults:5 | Reached XP level 27. HP: 191/223 MP: 0/0
 38266 | Vaults:5 | Learned a level 9 spell: Polar Vortex
 38268 | Vaults:5 | Killed a dread lich
 38268 | Vaults:5 | Noticed an ancient lich
 38274 | Vaults:5 | Killed an ancient lich
 38306 | Vaults:5 | Found Vejur's Magic Scroll Boutique.
 38312 | Vaults:5 | Found Tuattibb's Jewellery Shoppe.
 38315 | Vaults:5 | Found Lyufusets's Jewellery Shop.
 38350 | Vaults:5 | Found Erin's Antique Weapon Shop.
 38439 | Vaults:5 | Identified Wakoof's Compendium of the Escort
 38617 | Vaults:5 | Got a silver rune of Zot
 38762 | Vaults:5 | Identified the +7 morningstar of Conformity {vamp, Fly rF+
                  | rC- Dex+2}
 39450 | Zot:1    | Entered Level 1 of the Realm of Zot
 39975 | Zot:4    | Found a runed translucent gate.
 39975 | Zot:4    | Found a runed translucent gate.
 40030 | Zot:4    | Identified the +2 scale mail "Fomidoig" {rElec rF+ Dex-4}
 40071 | Zot:4    | Noticed a Killer Klown
 40090 | Zot:4    | Killed a Killer Klown
 40106 | Zot:4    | Noticed an orb of fire
 40119 | Zot:4    | Found the +3 robe of Clouds {+Thunder rCloud rElec}
 40128 | Zot:4    | Killed an orb of fire
 40440 | Zot:4    | Identified the +0 cloak "Sulut" {rC+ Slay+3}
 40445 | Zot:4    | Found a runed translucent gate.
 40449 | Zot:4    | Noticed Extudin's ghost (master OgTm)
 40557 | Zot:3    | Acquired 623 gold pieces
 40628 | Zot:3    | Found a transporter.
 40634 | Zot:3    | Found a transporter.
 40635 | Zot:3    | Identified the +1 robe of Privacy {rC+ Will+}
 40917 | Zot:5    | Entered Level 5 of the Realm of Zot
 41261 | Zot:5    | Noticed a dread lich
 41265 | Zot:5    | Killed a dread lich
 41282 | Zot:5    | Noticed an orb of fire
 41286 | Zot:5    | Killed an orb of fire
 41307 | Zot:5    | Noticed a Killer Klown
 41323 | Zot:5    | Noticed a Killer Klown
 41324 | Zot:5    | Noticed a Killer Klown
 41326 | Zot:5    | Noticed a Killer Klown
 41328 | Zot:5    | Noticed an orb of fire
 41328 | Zot:5    | Noticed a Killer Klown
 41330 | Zot:5    | Noticed an ancient lich
 41330 | Zot:5    | Gained mutation: You do not regenerate when monsters are
                  | visible. [an orb of fire]
 41332 | Zot:5    | Gained mutation: You occasionally shout uncontrollably at
                  | your foes. [an orb of fire]
 41335 | Zot:5    | Killed a Killer Klown
 41336 | Zot:5    | Gained mutation: You are dopey. (Int -2) [an orb of fire]
 41339 | Zot:5    | Gained mutation: Your body sometimes deteriorates upon
                  | taking damage. [an orb of fire]
 41343 | Zot:5    | Killed an ancient lich
 41343 | Zot:5    | Killed a Killer Klown
 41344 | Zot:5    | Killed a Killer Klown
 41348 | Zot:5    | Killed an orb of fire
 41364 | Zot:5    | Lost mutation: You occasionally shout uncontrollably at
                  | your foes. [potion of mutation]
 41364 | Zot:5    | Lost mutation: You are dopey. (Int -2) [potion of mutation]
 41364 | Zot:5    | Lost mutation: Your body sometimes deteriorates upon taking
                  | damage. [potion of mutation]
 41364 | Zot:5    | Gained mutation: You possess an exceptional clarity of
                  | mind. [potion of mutation]
 41364 | Zot:5    | Gained mutation: You are partially covered in large bone
                  | plates. (SH +4) [potion of mutation]
 41364 | Zot:5    | Gained mutation: Your muscles are strong. (Str +2) [potion
                  | of mutation]
 41365 | Zot:5    | Lost mutation: Your muscles are strong. (Str +2) [potion of
                  | mutation]
 41365 | Zot:5    | Lost mutation: Your movements are slightly less encumbered
                  | by armour. (ER -2) [potion of mutation]
 41365 | Zot:5    | Lost mutation: You possess an exceptional clarity of mind.
                  | [potion of mutation]
 41365 | Zot:5    | Gained mutation: Armour fits poorly on your strangely
                  | shaped body. [potion of mutation]
 41366 | Zot:5    | Lost mutation: You do not regenerate when monsters are
                  | visible. [potion of mutation]
 41366 | Zot:5    | Gained mutation: You are frail. (-10% HP) [potion of
                  | mutation]
 41366 | Zot:5    | Gained mutation: Your muscles are strong. (Str +2) [potion
                  | of mutation]
 41386 | Zot:5    | Noticed a dread lich
 41386 | Zot:5    | Noticed a Killer Klown
 41394 | Zot:5    | Killed a Killer Klown
 41394 | Zot:5    | Killed a Killer Klown
 41396 | Zot:5    | Noticed a Killer Klown
 41406 | Zot:5    | Killed a dread lich
 41408 | Zot:5    | Reached skill level 15 in Armour
 41412 | Zot:5    | Annihilated by an Orb Guardian

Illustrated notes

Levels and vault maps discovered:
D:1:      denvon_arrival_hothouse, layout_basic,
          chequers_ecumenical_altar_grove, minmay_strange_pillars,
          chequers_avenue
D:2:      layout_basic, uniq_natasha
D:3:      layout_loops_ring, gammafunk_ghost_grave
D:4:      layout_basic, serial_aquarium, aquarium_bridge_long_joined
          [aquarium_subvault_bridge, aquarium_subvault_balcony,
          aquarium_subvault_window, aquarium_subvault_wall,
          aquarium_subvault_balcony, aquarium_subvault_balcony],
          aquarium_bridge_square [aquarium_subvault_bridge,
          aquarium_subvault_window, aquarium_subvault_window,
          aquarium_subvault_bridge], aquarium_window_1, aquarium_window_2,
          aquarium_window_2, aquarium_window_fake, aquarium_view_2a,
          aquarium_view_2d
D:5:      layout_basic, kennysheep_mini, nicolae_ossuary_entry_monument,
          hangedman_abyss_or_decor_jellyfish_corner
D:6:      layout_basic, minmay_temple_entry_trees, corexii_shack,
          uniq_eustachio, uniq_menkaure
D:7:      layout_rooms, enter_bailey_4
D:8:      layout_rooms, wad_hexagon
D:9:      minmay_the_grid_triangle_9x9_rhombus_thin_mashed
          [minmay_the_grid_triangle_9x9_impossible_snake,
          minmay_the_grid_triangle_9x9_prize_insulated,
          minmay_the_grid_triangle_9x9_flanged_cone,
          minmay_the_grid_triangle_9x9_limited_checkers], layout_basic,
          ebering_ghost_gozag, nicolae_blasting_shop,
          chequers_serial_rivers_room_b
D:10:     layout_long_grid, uniq_maurice, uniq_psyche, uniq_sonja
D:11:     layout_long_grid, lair_entry_dummy, minmay_fountain_box,
          xom_confusion_cloud
D:12:     layout_irregular_city, erik_orc_3, gauntlet_entry_generic
D:13:     layout_loops_corners, nicolae_trove_entry_crystal,
          minmay_pinched_square, uniq_jorgrun
D:14:     layout_loops_ring, hangedman_vaults_entry_quadrant_bands,
          vehumet_crystals, grunt_dithmenos_smoke_and_mirrors, uniq_josephine
D:15:     grunt_enter_depths_hoard, layout_basic, nicolae_ashenzari_panopticon
Temple:   minmay_crystal_snake_temple
Lair:1:   lemuel_ratsnest, layout_regular_city
Lair:2:   layout_roguey, serial_forest, infiniplex_forest_end_1,
          infiniplex_forest_corner_1, infiniplex_forest_corner_2,
          infiniplex_forest_lined_corner, infiniplex_forest_diagonal,
          infiniplex_forest_zigzag_2, lemuel_fruit_fields
Lair:3:   layout_loops_ring, lemuel_fruit_tree, serial_bayou_shore_a
Lair:4:   layout_cave_pods, minmay_swamp_entry_reptiles,
          minmay_snake_entry_six_corridors
Lair:5:   beast_lair_carwin_large_2, layout_cave_pods, basic_altar,
          infiniplex_staircase_pool
Lair:6:   due_jungle_book, layout_small_grid, dpeg_slime_entry_corner
Swamp:1:  layout_falls_marsh, evilmike_swamp_ruin_house_3
Swamp:2:  layout_basic_swamp, basic_altar
Swamp:3:  nicolae_swamp_phyte_club, layout_falls_marsh,
          evilmike_swamp_ruin_wall, nicolae_swamp_big_swirl
Swamp:4:  nzn_swamp_witches_coven, layout_basic_swamp
Snake:1:  layout_onion_interference, basic_altar, guppyfry_snake_island,
          grunt_megastairs_5, serial_bayou_shore_b, uniq_asterion
Snake:2:  layout_cave_town, serial_shops, shop, hangedman_snake_sidewinding
Snake:3:  layout_cave_town, nrook_loot_triangle
Snake:4:  johnstein_snake_rune_scales, layout_onion, serial_shops, shop,
          st_stairs_14, grunt_megastairs_2
Orc:1:    layout_caves, serial_shops, nicolae_diamond_shop,
          okawaru_metal_pillars_3
Orc:2:    st_orc_elflike, layout_diamond_mine, guppyfry_orc_lava_fort
Elf:1:    layout_rooms, minmay_elf_demonology, minmay_shoptagon
Elf:2:    layout_loops_corners, minmay_shop_grid_forest, minmay_shop_mass
Vaults:1: v_pattern_1, v_misc_9, v_misc_9, vaults_mumra_hex, v_misc_17,
          vaults_room_door_ring, ontoclasm_vaults_tryst, vaults_room_large_hall,
          nicolae_vaults_mini_display_case, grunt_vaults_hallway_long,
          vaults_room_hangedman_quadrants, nicolae_vaults_circle_grid_a,
          nicolae_vaults_little_squares_4, hangedman_vaults_corner_blocks,
          ontoclasm_vaults_chip, layout_vaults_maze_snakey, serial_shops, shop
Vaults:2: ontoclasm_vaults_ring_small, minmay_crypt_entry_simple_round,
          v_misc_10, vaults_room_corners, hangedman_vaults_unwind,
          nicolae_vaults_shelves_hall, nicolae_vaults_twisting_passages,
          grunt_vaults_twisty, serial_ice_h, nicolae_vaults_stairing_the_circle,
          hangedman_vaults_corner_blocks, ontoclasm_vaults_hangar,
          grunt_vaults_focal, special_room_vaults [special_room_orc],
          nicolae_vaults_little_squares_4, vaults_dpeg_diagonal,
          ontoclasm_vaults_decontamination, vaults_room_hallway,
          vaults_room_door_ring, layout_vaults_ring
Vaults:3: hangedman_vaults_stitches, vaults_room_grunt_arrival_checkpoint,
          v_alt_pattern_1, vaults_room_octagon, ontoclasm_vaults_eye,
          ontoclasm_vaults_bender, dpeg_vaults_monster_row, v_alt_pattern_4,
          v_rooms_5, nicolae_vaults_diagonal_hallway_8, v_misc_28,
          ontoclasm_vaults_pinch, nicolae_vaults_theta, v_alt_pattern_3,
          layout_vaults_omnibox, serial_shops, nicolae_shop_crystal,
          nicolae_shop_stone, shop, nicolae_shop_behind_doors,
          nicolae_shop_trees
Vaults:4: hangedman_vaults_restitches, v_misc_12, hangedman_vaults_trim,
          hangedman_vaults_nodes, v_rooms_5, grunt_vaults_hallway_long,
          nicolae_vaults_network_quinsquares
          [nicolae_vaults_network_quincunx_subvault,
          nicolae_vaults_network_quincunx_subvault,
          nicolae_vaults_network_quincunx_subvault,
          nicolae_vaults_network_quincunx_subvault],
          nicolae_vaults_big_angled_halls, nicolae_vaults_display_case,
          nicolae_vaults_asterisk, layout_vaults_chaotic_city, uniq_boris
Vaults:5: serial_shops, uniq_mara
Depths:1: layout_cave_pools, hell_entry, nicolae_abyss_entry_one_way_or_another,
          serial_shops, shop, grunt_decor_clamped, fedhas_altar_4,
          uniq_bai_suzhen, uniq_aizul
Depths:2: evilmike_diamond_2, layout_cave_pools, hell_entry,
          grunt_pan_entry_sceptre, nzn_wu_jian_council_hall,
          infiniplex_staircase_x
Depths:3: hangedman_arrow_trap, layout_honeycomb, grunt_pan_entry_zigzag,
          pf_hell_entry_tar_spiral, infiniplex_staircase_pool_2,
          nicolae_take_the_stairs, grunt_ministairs_4
Depths:4: kennysheep_funnel, layout_long_grid, minmay_room_of_horrors,
          hell_entry, infiniplex_staircase_pillars_1,
          roderic_lattice_octagonal_star, minmay_shop_grove, uniq_saint_roka
Depths:5: grunt_zot_entry_pinwheel, layout_long_grid, enter_ziggurat_a,
          pf_hell_entry_great_geh, rand_demon_pan_entry_5, hex_medium,
          lemuel_flamethrower_3
Zot:1:    layout_onion_interference
Zot:2:    hangedman_orp_of_zott, layout_onion_interference
Zot:3:    gammafunk_sealed_arena, layout_onion
Zot:4:    layout_misc_corridors, gammafunk_ghost_split, grunt_megastairs_3
Zot:5:    layout_misc_corridors

Skill      XL: |  1  2  3  4  5  6  7  8  9 10 11 12 13 14 15 16 17 18 19 20 21 22 23 24 25 26 27 |
---------------+----------------------------------------------------------------------------------+-----
Fighting       | 1 2 3 4 5 7 9 10 11 12 14 15 16 19 20 | 20.4
Spellcasting   | 3 4 5 7 8 10 11 12 13 14 15 16 17 18 19 20 21 | 21.0
Dodging        | 3 7 12 13 15 18 | 18.7
Shields        | 6 10 11 13 16 17 18 20 21 | 21.3
Armour         | 1 5 8 11 15 | 15.0
Stealth        | 3 |  3.9

Action                   |  1- 3 |  4- 6 |  7- 9 | 10-12 | 13-15 | 16-18 | 19-21 | 22-24 | 25-27 || total
-------------------------+-------+-------+-------+-------+-------+-------+-------+-------+-------++-------
Melee: Unarmed           |    12 |    30 |       |       |       |       |       |       |       ||    42
       Staff             |       |       |    10 |    16 |    11 |     1 |       |     1 |     2 ||    41
 Cast: Foxfire           |    59 |   117 |   186 |       |       |       |       |       |       ||   362
       Inner Flame       |       |     1 |    14 |     2 |    11 |       |       |       |       ||    28
       Vampiric Draining |       |       |     4 |       |    11 |       |       |       |       ||    15
       Sticky Flame      |       |       |    10 |    29 |    10 |     2 |       |       |       ||    51
       Fireball          |       |       |    15 |    94 |   157 |   277 |   414 |   295 |   362 ||  1614
       Fulminant Prism   |       |       |     9 |     5 |       |       |       |       |       ||    14
       Lightning Bolt    |       |       |       |    74 |   263 |   285 |    84 |    94 |   107 ||   907
       Shadow Creatures  |       |       |       |       |     4 |     1 |       |     6 |     1 ||    12
       Eringya's Noxious |       |       |       |       |       |    21 |    26 |    29 |     8 ||    84
       Conjure Ball Ligh |       |       |       |       |       |       |     5 |     1 |       ||     6
       Maxwell's Capacit |       |       |       |       |       |       |     6 |     7 |    31 ||    44
       Discord           |       |       |       |       |       |       |       |       |    30 ||    30
       Polar Vortex      |       |       |       |       |       |       |       |       |    39 ||    39
Invok: Curse Item        |       |       |       |     7 |     4 |     2 |     1 |       |     1 ||    15
       Shatter the Chain |       |       |       |       |     3 |     2 |       |       |     1 ||     6
  Use: Scroll            |     3 |     1 |     6 |     9 |     2 |     5 |       |     5 |     7 ||    38
       Potion            |       |       |     1 |     9 |     2 |       |       |     8 |    10 ||    30
Armor: Robe              |     1 |     4 |     7 |    15 |    13 |    16 |       |       |       ||    56
       Skin              |       |       |       |     3 |       |       |       |       |       ||     3
       Troll leather arm |       |       |       |       |       |     3 |    23 |    36 |    54 ||   116
Dodge: Dodged            |     9 |    32 |    34 |    77 |    62 |    84 |    70 |   121 |   225 ||   714
Block: Buckler           |       |       |       |       |     3 |       |       |       |       ||     3
       Kite shield       |       |       |       |       |    23 |    69 |    93 |   181 |    46 ||   412
       Tower shield      |       |       |       |       |       |       |       |       |   263 ||   263

Table legend: (Time is in decaauts)
 A = Elapsed time spent in this place.
 B = Non-inter-level travel time spent in this place.
 C = Inter-level travel time spent in this place.
 D = Time resting spent in this place.
 E = Time spent auto-exploring this place.
 F = Levels seen in this place.
 G = Mean time per level.
                   A        B        C        D        E       F      G
               +--------+--------+--------+--------+--------+-----+--------+
         Total |  41361 |  37875 |   3486 |   1175 |  27200 |  53 |  780.4 |
       Dungeon |  13261 |  12108 |   1153 |    236 |   9661 |  15 |  884.1 |
        Temple |    224 |    174 |     50 |      0 |    171 |   1 |  224.0 |
          Lair |   5011 |   4465 |    546 |     41 |   3821 |   6 |  835.2 |
         Swamp |   2331 |   2187 |    144 |      0 |   1633 |   4 |  582.8 |
     Snake Pit |   3568 |   3378 |    190 |     94 |   2333 |   4 |  892.0 |
  Orcish Mines |   1603 |   1463 |    140 |     84 |    937 |   2 |  801.5 |
   Elven Halls |   1359 |   1277 |     82 |      0 |    939 |   2 |  679.5 |
        Vaults |   6581 |   5897 |    684 |    262 |   3948 |   5 | 1316.2 |
        Depths |   3575 |   3208 |    367 |      4 |   2584 |   5 |  715.0 |
           Zot |   1929 |   1803 |    126 |    164 |    675 |   5 |  385.8 |
         Abyss |    950 |    950 |      0 |    243 |     22 |   1 |  950.0 |
       Ossuary |    231 |    231 |      0 |      0 |    142 |   1 |  231.0 |
        Bailey |    409 |    409 |      0 |     46 |    186 |   1 |  409.0 |
      Gauntlet |    323 |    323 |      0 |      0 |    146 |   1 |  323.0 |
               +--------+--------+--------+--------+--------+-----+--------+

Top non-repeatable levels by time:
Vaults:4: 2003 daAuts
     D:1: 1735 daAuts
Vaults:2: 1307 daAuts
Vaults:3: 1169 daAuts
     D:2: 1161 daAuts
Vaults:5: 1116 daAuts
    D:11: 1090 daAuts
   Orc:2: 1050 daAuts
    D:12: 1039 daAuts
 Snake:2: 1038 daAuts
Vaults:1: 984 daAuts
  Lair:1: 979 daAuts
    D:14: 975 daAuts
    D:13: 964 daAuts
 Abyss:2: 950 daAuts
